[Event "Fagernes GM-B 2019"]
[Site "Fagernes"]
[Date "2019.04.19"]
[Round "7.21"]
[White "Fuglestein, Sander"]
[Black "Skotheim, Andreas"]
[Result "1/2-1/2"]
[ECO "E05"]
[WhiteElo "2000"]
[BlackElo "2182"]
[Annotator "NA"]
[PlyCount "63"]
[EventDate "2019.04.14"]
[EventType "tourn"]
[EventCountry "NOR"]
[SourceTitle "playchess.com"]
[Source "ChessBase"]
[SourceQuality "1"]
[TimeControl "40/5400+30:1800+30"]

1. d4 Nf6 2. c4 e6 3. Nf3 d5 4. g3 Be7 5. Bg2 O-O 6. O-O dxc4 7. Qc2 a6 8. a4 Bd7 9. Qxc4 Bc6 10. Bg5 a5 11. Nc3 Na6 12. Bxf6 Bxf6 13. e4 Nb4 14. Rfd1 b6 15. Rac1 Bb7 16. h4 Ba6 17. Qb3 c6 18. Rd2 Rc8 19. Nd1 Rc7 20. Ne3 Rd7 21. Rcd1 h5 22. Bh3 Bb7 23. Ng2 c5 24. dxc5 Rxd2 25. Rxd2 Qa8 26. cxb6 Bxe4 27. Ng5 Bd5 28. Qd1 Bxg5 29. hxg5 g6 30. Nf4 Qc6 31. Nxd5 Nxd5 32. Bg2 1/2-1/2

[Event "Fagernes GM-B 2019"]
[Site "Fagernes"]
[Date "2019.04.19"]
[Round "7.22"]
[White "Betaneli, Alexander"]
[Black "Tryggestad, Andreas Garberg"]
[Result "0-1"]
[ECO "A25"]
[WhiteElo "2235"]
[BlackElo "2305"]
[Annotator "NA"]
[PlyCount "88"]
[EventDate "2019.04.14"]
[EventType "tourn"]
[EventCountry "NOR"]
[SourceTitle "playchess.com"]
[Source "ChessBase"]
[SourceQuality "1"]
[TimeControl "40/5400+30:1800+30"]

1. c4 f5 2. g3 Nf6 3. Bg2 g6 4. b3 Bg7 5. Bb2 d6 6. Nc3 e5 7. e3 O-O 8. Nge2 Nc6 9. O-O Bd7 10. d3 g5 11. f4 exf4 12. exf4 Ng4 13. Qd2 gxf4 14. Bd5+ Kh8 15. Nxf4 Nce5 16. Rae1 c6 17. Bg2 Ng6 18. Nce2 Qb6+ 19. d4 Rae8 20. Nxg6+ hxg6 21. Nf4 Kh7 22. Bf3 Nf6 23. Qd3 Bh6 24. Bc3 a5 25. Kg2 d5 26. cxd5 Bxf4 27. gxf4 cxd5 28. Qd2 Ne4 29. Bxe4 fxe4 30. Bxa5 Qf6 31. Bc7 Bg4 32. Be5 Bf3+ 33. Kg1 Qb6 34. Qf2 Rf5 35. Rc1 g5 36. Rc7+ Kh6 37. Qg3 Rexe5 38. Rxf3 Qxc7 39. Rc3 Qb6 40. Qh3+ Kg6 41. fxe5 Qxd4+ 42. Qe3 Qd1+ 43. Kg2 Qf1+ 44. Kg3 Rf3+ 0-1

[Event "Fagernes GM-B 2019"]
[Site "Fagernes"]
[Date "2019.04.19"]
[Round "7.24"]
[White "Lund, Gunnar"]
[Black "Holm, Kristian Stuvik"]
[Result "0-1"]
[ECO "A15"]
[WhiteElo "2271"]
[BlackElo "2467"]
[Annotator "ChessBase"]
[PlyCount "88"]
[EventDate "2019.04.14"]
[EventType "tourn"]
[EventCountry "NOR"]
[SourceTitle "playchess.com"]
[Source "ChessBase"]
[SourceQuality "1"]
[TimeControl "40/5400+30:1800+30"]

1. b3 Nf6 2. Bb2 g6 3. Nf3 Bg7 4. e3 O-O 5. c4 d6 6. Be2 e5 7. d3 c5 8. O-O Nc6 9. Nc3 d5 10. cxd5 Nxd5 11. Nxd5 Qxd5 12. a3 Be6 13. Nd2 Rfd8 14. Qc2 Rac8 15. Rac1 b6 16. Rfd1 Qd7 17. Qb1 f6 18. Bc3 a5 19. Nc4 Rb8 20. Bf3 Bd5 21. Bxd5+ Qxd5 22. b4 axb4 23. axb4 cxb4 24. Bxb4 Nxb4 25. Qxb4 b5 26. Na5 Rdc8 27. Qb3 Qxb3 28. Nxb3 Bf8 29. Rxc8 Rxc8 30. Rc1 Ra8 31. Ra1 Ba3 32. Kf1 Ra4 33. Rb1 Be7 34. Rb2 Kf7 35. Ke2 Ke6 36. Nd2 b4 37. Kd1 f5 38. Kc2 Ra3 39. Nc4 Rc3+ 40. Kb1 Rxd3 41. Nd2 e4 42. Ra2 b3 43. Ra6+ Kd5 44. Ra5+ Bc5 0-1

[Event "Fagernes GM-B 2019"]
[Site "Fagernes"]
[Date "2019.04.19"]
[Round "7.25"]
[White "Rozentalis, Eduardas"]
[Black "Kazakovskiy, Valeriy"]
[Result "0-1"]
[ECO "C48"]
[WhiteElo "2568"]
[BlackElo "2440"]
[Annotator "ChessBase"]
[PlyCount "90"]
[EventDate "2019.04.14"]
[EventType "tourn"]
[EventCountry "NOR"]
[SourceTitle "playchess.com"]
[Source "ChessBase"]
[SourceQuality "1"]
[TimeControl "40/5400+30:1800+30"]

1. e4 e5 2. Nf3 Nc6 3. Nc3 Nf6 4. Bb5 Bd6 5. a3 O-O 6. d3 a6 7. Bc4 Bc5 8. Bg5 h6 9. Bh4 Be7 10. h3 d6 11. O-O Be6 12. Re1 b5 13. Ba2 Re8 14. Bxe6 fxe6 15. d4 Nxd4 16. Nxd4 exd4 17. Qxd4 Nd7 18. Bg3 Bf6 19. Qd2 Qb8 20. f4 Qb6+ 21. Kh1 Qc6 22. e5 dxe5 23. fxe5 Bg5 24. Qe2 Rf8 25. Rad1 Bf4 26. Bxf4 Rxf4 27. Na2 Nb6 28. Nb4 Qc4 29. Qe3 Rf5 30. b3 Qh4 31. Kh2 a5 32. Rd4 Qe7 33. Nc6 Qxa3 34. Qe4 Raf8 35. b4 Nd5 36. Rxd5 exd5 37. Qxd5+ Kh8 38. bxa5 Rg5 39. Qe4 Qg3+ 40. Kh1 Rgf5 41. Rg1 Rh5 42. Rd1 Rh4 43. Qe2 Rc4 44. Nd4 Rf2 45. Qe4 Rxd4 0-1

[Event "Fagernes GM-B 2019"]
[Site "Fagernes"]
[Date "2019.04.20"]
[Round "8.23"]
[White "Kazakovskiy, Valeriy"]
[Black "Levin, Felix"]
[Result "1/2-1/2"]
[ECO "E04"]
[WhiteElo "2440"]
[BlackElo "2476"]
[Annotator "ChessBase"]
[PlyCount "136"]
[EventDate "2019.04.14"]
[EventType "tourn"]
[EventCountry "NOR"]
[SourceTitle "playchess.com"]
[Source "ChessBase"]
[SourceQuality "1"]
[TimeControl "40/5400+30:1800+30"]

1. d4 d5 2. c4 e6 3. Nf3 Nf6 4. g3 dxc4 5. Bg2 Bd7 6. Ne5 Bc6 7. Nxc6 Nxc6 8. O-O Qd7 9. e3 Rd8 10. Qe2 e5 11. Qxc4 exd4 12. exd4 Nxd4 13. Nc3 Be7 14. Bg5 O-O 15. Bxf6 Bxf6 16. Nd5 c6 17. Nxf6+ gxf6 18. Rae1 b6 19. b4 Rfe8 20. Re3 Qd6 21. Rfe1 Re5 22. Rxe5 fxe5 23. Qc1 h6 24. a3 f5 25. Qe3 Re8 26. Rc1 Kg7 27. Kh1 c5 28. bxc5 bxc5 29. Qc3 Rc8 30. Qc4 e4 31. Qa4 Rc7 32. Qc4 Qe6 33. Qc3 Qb3 34. Qa5 Qb6 35. Qc3 Kh7 36. Qe3 Qe6 37. Qf4 Rc8 38. Bh3 Rc6 39. Qb8 Qe7 40. Rb1 Rb6 41. Rxb6 axb6 42. Qxb6 e3 43. fxe3 Qxe3 44. Qb7+ Kg6 45. Qa6+ Kg5 46. Qf1 Qxa3 47. Qf4+ Kg6 48. Qd6+ Kh5 49. Bf1 Qf3+ 50. Kg1 Qe3+ 51. Kg2 Qd2+ 52. Kh3 Nf3 53. Qxd2 Nxd2 54. Be2+ Kg5 55. Kg2 c4 56. Kf2 f4 57. h4+ Kf5 58. g4+ Ke4 59. Bd1 c3 60. Bc2+ Ke5 61. Ke2 Ne4 62. Kf3 Nc5 63. g5 h5 64. Ke2 Ne6 65. Kd3 Kf5 66. Bd1 Ng7 67. Bf3 Ke5 68. Kxc3 Nf5 1/2-1/2

[Event "Fagernes GM-B 2019"]
[Site "Fagernes"]
[Date "2019.04.20"]
[Round "8.25"]
[White "Greenfeld, Alon"]
[Black "Lund, Gunnar"]
[Result "1-0"]
[ECO "A55"]
[WhiteElo "2514"]
[BlackElo "2271"]
[Annotator "ChessBase"]
[PlyCount "89"]
[EventDate "2019.04.14"]
[EventType "tourn"]
[EventCountry "NOR"]
[SourceTitle "playchess.com"]
[Source "ChessBase"]
[SourceQuality "1"]
[TimeControl "40/5400+30:1800+30"]

1. d4 d6 2. Nf3 Nf6 3. c4 Nbd7 4. g3 e5 5. Bg2 Be7 6. O-O O-O 7. Nc3 c6 8. e4 a6 9. a4 a5 10. h3 Re8 11. Be3 exd4 12. Nxd4 Bf8 13. Qc2 Nc5 14. Rad1 Qb6 15. g4 Be6 16. b3 Rad8 17. f4 Bc8 18. g5 Nfd7 19. h4 Nb8 20. Bf3 Nba6 21. h5 Nb4 22. Qg2 d5 23. cxd5 cxd5 24. Ndb5 d4 25. Nxd4 Nxb3 26. Nf5 Bc5 27. Qf2 Bxf5 28. Rxd8 Qxd8 29. Bxc5 Nd3 30. Bb6 Nxf2 31. Bxd8 Nxe4 32. Bxe4 Bxe4 33. Nxe4 Rxd8 34. Rb1 Nd4 35. Kf2 Rb8 36. Rb6 Kf8 37. h6 gxh6 38. Rxh6 b5 39. Rxh7 Ke7 40. g6 Rf8 41. axb5 Nxb5 42. f5 Nd6 43. Nxd6 Kxd6 44. g7 Rg8 45. f6 1-0

[Event "Fagernes GM-B 2019"]
[Site "Fagernes"]
[Date "2019.04.20"]
[Round "8.26"]
[White "Betaneli, Alexander"]
[Black "Kaasen, Tor Fredrik"]
[Result "0-1"]
[ECO "A11"]
[WhiteElo "2235"]
[BlackElo "2385"]
[Annotator "NA"]
[PlyCount "82"]
[EventDate "2019.04.14"]
[EventType "tourn"]
[EventCountry "NOR"]
[SourceTitle "playchess.com"]
[Source "ChessBase"]
[SourceQuality "1"]
[TimeControl "40/5400+30:1800+30"]

1. c4 Nf6 2. g3 c6 3. Bg2 d5 4. Nf3 dxc4 5. O-O e6 6. a4 Na6 7. Qc2 b5 8. b3 Nb4 9. Qb2 cxb3 10. Qxb3 Bb7 11. Nc3 a6 12. d4 Be7 13. e4 O-O 14. e5 Nfd5 15. Ne4 a5 16. Rd1 h6 17. Bd2 Ba6 18. Bf1 Qb6 19. Rdc1 bxa4 20. Qd1 Bb5 21. Nc5 Bxc5 22. dxc5 Qa6 23. Nd4 Bxf1 24. Qxf1 Nd3 25. Rc2 Nxe5 26. Rxa4 Qxf1+ 27. Kxf1 Rfb8 28. Rxa5 Rxa5 29. Bxa5 Rb1+ 30. Kg2 Ra1 31. Bd2 Ra4 32. Nb3 Nd3 33. Kf1 e5 34. Ke2 e4 35. f3 f5 36. fxe4 fxe4 37. Be3 Ra3 38. Nd4 Nxe3 39. Kxe3 Nb4+ 40. Kxe4 Nxc2 41. Nxc2 Rc3 0-1

[Event "Fagernes GM-B 2019"]
[Site "Fagernes"]
[Date "2019.04.20"]
[Round "8.27"]
[White "Loberg, Jo Kristian"]
[Black "Dale, Gunnar Brandshaug"]
[Result "0-1"]
[ECO "B66"]
[WhiteElo "2045"]
[BlackElo "1903"]
[Annotator "NA"]
[PlyCount "214"]
[EventDate "2019.04.14"]
[EventType "tourn"]
[EventCountry "NOR"]
[SourceTitle "playchess.com"]
[Source "ChessBase"]
[SourceQuality "1"]
[TimeControl "40/5400+30:1800+30"]

1. e4 c5 2. Nf3 Nc6 3. d4 cxd4 4. Nxd4 Nf6 5. Nc3 d6 6. Bg5 e6 7. Qd2 a6 8. O-O-O h6 9. Bh4 Nxe4 10. Nxe4 Qxh4 11. f3 d5 12. Nxc6 bxc6 13. Qc3 Qf4+ 14. Kb1 Qc7 15. Nc5 Qa7 16. Nd3 Qb6 17. g3 Bb7 18. Bh3 O-O-O 19. Ne5 Bb4 20. Qb3 Rhf8 21. Nxf7 Rxf7 22. Bxe6+ Rfd7 23. c3 Bc5 24. Qxb6 Bxb6 25. Rhe1 Kc7 26. Bxd7 Kxd7 27. Re2 Re8 28. Rxe8 Kxe8 29. b4 c5 30. bxc5 Bxc5 31. f4 Ke7 32. Kc2 Bc6 33. Re1+ Kf6 34. Kb2 Kf5 35. Kc2 Kf6 36. Kb2 Bb5 37. Re5 Bc4 38. Rh5 Bd6 39. Rh4 Be2 40. Kc2 Kg6 41. Kd2 Bc4 42. a4 Bb3 43. Rg4+ Kf6 44. f5 Kxf5 45. Rxg7 Bxa4 46. Rh7 Kg5 47. Rg7+ Kf6 48. Rh7 Bf8 49. Rb7 Bb5 50. Ke3 Bc5+ 51. Kf4 Bd6+ 52. Ke3 Be5 53. Kd2 Bc4 54. Kc2 Kg5 55. Re7 Bf6 56. Re8 Kg4 57. Re6 Bg5 58. h4 Kf5 59. Re8 Bf6 60. Rf8 Kg6 61. Re8 Kf7 62. Rc8 Be5 63. g4 Bg3 64. g5 hxg5 65. hxg5 Bf4 66. g6+ Kxg6 67. Rf8 Bd6 68. Rf2 Be5 69. Rf3 Bf6 70. Kb2 Kf7 71. Rf4 Ke6 72. Rf3 Be5 73. Re3 Kd6 74. Re1 Bf4 75. Re8 Kc6 76. Rf8 Bd6 77. Rd8 Bc7 78. Rc8 Kb6 79. Ra8 Kb5 80. Ra7 Bd6 81. Rd7 Bc5 82. Rc7 a5 83. Rc8 a4 84. Rb8+ Bb6 85. Rb7 Bb3 86. Rb8 Kc6 87. Rc8+ Kb7 88. Rh8 Bc5 89. Rh7+ Kc6 90. Rh8 Kb5 91. Rh4 Bc4 92. Rh8 a3+ 93. Kc2 a2 94. Rb8+ Kc6 95. Kb2 Ba3+ 96. Ka1 Kd6 97. Rh8 Ke5 98. Re8+ Kf4 99. Re1 Kf3 100. Re8 Bc1 101. Re1 Bd2 102. Rc1 Bb3 103. c4 Bxc1 104. cxd5 Ke2 105. d6 Kd2 106. d7 Kc2 107. d8=Q Bb2# 0-1

[Event "Fagernes GM-B 2019"]
[Site "Fagernes"]
[Date "2019.04.20"]
[Round "8.30"]
[White "Sidali, Elias Hulleberg"]
[Black "Akdag, Omer Amir"]
[Result "1-0"]
[ECO "B31"]
[WhiteElo "1944"]
[BlackElo "1901"]
[Annotator "NA"]
[PlyCount "111"]
[EventDate "2019.04.14"]
[EventType "tourn"]
[EventCountry "NOR"]
[SourceTitle "playchess.com"]
[Source "ChessBase"]
[SourceQuality "1"]
[TimeControl "40/5400+30:1800+30"]

1. e4 c5 2. Nf3 Nc6 3. Bb5 g6 4. Bxc6 dxc6 5. d3 Bg7 6. h3 Nf6 7. O-O Nd7 8. Nc3 e5 9. Be3 b6 10. Qd2 h6 11. a3 Nf8 12. b4 f5 13. exf5 gxf5 14. Qe1 cxb4 15. Nxe5 Qe7 16. Nxc6 Qe6 17. Bd4 Rg8 18. axb4 Kd7 19. Qxe6+ Nxe6 20. Bxg7 Kxc6 21. Be5 Bb7 22. f3 a6 23. Kf2 Rg6 24. b5+ Kd7 25. bxa6 Bxa6 26. Nd5 Nc5 27. Nc7 Ra7 28. Nxa6 Rxa6 29. Rxa6 Nxa6 30. Rb1 Rc6 31. c4 Ke6 32. Bd4 Nc5 33. Bxc5 bxc5 34. Re1+ Kf6 35. Re8 f4 36. Re4 Kf5 37. d4 cxd4 38. Rxd4 Ke5 39. Re4+ Kf5 40. g3 fxg3+ 41. Kxg3 Rg6+ 42. Kf2 Rc6 43. Ke3 h5 44. h4 Rc5 45. Kd4 Ra5 46. c5 Ra3 47. Re3 Ra4+ 48. Kd5 Rxh4 49. c6 Rh1 50. Re4 Rd1+ 51. Rd4 Rxd4+ 52. Kxd4 Ke6 53. Kc5 h4 54. Kb6 Ke5 55. c7 Kf4 56. c8=Q 1-0

[Event "Fagernes GM-B 2019"]
[Site "Fagernes"]
[Date "2019.04.21"]
[Round "9.21"]
[White "Nordquelle, Daniel"]
[Black "Fuglestein, Sander"]
[Result "0-1"]
[ECO "B12"]
[WhiteElo "2264"]
[BlackElo "2000"]
[Annotator "NA"]
[PlyCount "98"]
[EventDate "2019.04.14"]
[EventType "tourn"]
[EventCountry "NOR"]
[SourceTitle "playchess.com"]
[Source "ChessBase"]
[SourceQuality "1"]
[TimeControl "40/5400+30:1800+30"]

1. e4 c6 2. d4 d5 3. e5 Bf5 4. h4 h5 5. c4 e6 6. Nc3 Ne7 7. Nge2 Nd7 8. Ng3 Bg6 9. Be3 Qb6 10. Qd2 dxc4 11. Bxc4 O-O-O 12. a3 Nd5 13. Bxd5 cxd5 14. Nge2 Kb8 15. O-O Be7 16. g3 Rc8 $15 17. Rfc1 f6 18. exf6 gxf6 19. Nf4 Bf7 20. b4 Qd8 21. Nd3 Nb6 22. Bf4+ Ka8 23. Nb2 Qd7 24. Qd3 Bd6 25. Bxd6 Qxd6 26. Nca4 Nxa4 27. Nxa4 e5 28. Nc5 e4 29. Qd2 Rhg8 30. Nb3 Rc4 31. Rxc4 dxc4 32. Nc1 Be6 33. Ne2 Rd8 34. Nf4 Bg4 35. d5 Qe5 36. Rc1 Rc8 37. Rc3 Bd7 38. Kf1 a6 39. Ke2 Qf5 40. Qd4 e3 41. Rxe3 Qb1 42. Qc3 Bg4+ 43. f3 Bf5 44. Nxh5 Bd3+ 45. Kd2 Qf1 46. Rxd3 Re8 47. Nf4 cxd3 48. Qxd3 Qe1+ 49. Kc2 Qf2+ 0-1

[Event "Fagernes GM-B 2019"]
[Site "Fagernes"]
[Date "2019.04.21"]
[Round "9.22"]
[White "Kaasen, Tor Fredrik"]
[Black "Tryggestad, Andreas Garberg"]
[Result "0-1"]
[ECO "B42"]
[WhiteElo "2385"]
[BlackElo "2305"]
[Annotator "NA"]
[PlyCount "120"]
[EventDate "2019.04.14"]
[EventType "tourn"]
[EventCountry "NOR"]
[SourceTitle "playchess.com"]
[Source "ChessBase"]
[SourceQuality "1"]
[TimeControl "40/5400+30:1800+30"]

1. e4 c5 2. Nf3 e6 3. d4 cxd4 4. Nxd4 a6 5. Bd3 g6 6. O-O Bg7 7. Nf3 Nc6 8. c4 Nge7 9. Nc3 O-O 10. Re1 d5 11. exd5 exd5 12. Bg5 $11 h6 13. Bh4 dxc4 14. Bxe7 Nxe7 15. Bxc4 Nc6 16. Bd5 Bf5 17. Rc1 Nb4 18. Bxb7 Rb8 19. Be4 Bxe4 20. Rxe4 Nd3 21. Rc2 Nxb2 22. Qe2 Nd3 23. g3 Nb4 24. Rd2 Qa5 25. Ne5 Rfc8 26. Nxf7 Qh5 27. g4 Qc5 28. Na4 Qc1+ 29. Rd1 Qc2 30. Nd6 Rd8 31. Qxc2 Nxc2 32. Rc4 Rb4 33. Rxb4 Nxb4 34. Rb1 Nxa2 35. Rb6 a5 36. Rc6 Nb4 37. Rc8 Rxc8 38. Nxc8 Kf7 39. Nc5 Bf8 40. Na4 Nd3 41. Ncb6 Nc5 42. Nb2 Bg7 43. N2c4 a4 44. Kf1 Bb2 45. Nd5 a3 46. Nb4 Nd3 47. Nc2 a2 48. Nxb2 Nxb2 49. Ke2 g5 50. Ke3 Nc4+ 51. Kd4 Nd2 52. f4 gxf4 53. Kd3 Nb3 54. Ke4 f3 55. Ke3 Kg6 56. h4 h5 57. g5 Kf5 58. Kxf3 a1=Q 59. Nxa1 Nxa1 60. Ke3 Nb3 0-1

[Event "Fagernes GM-B 2019"]
[Site "Fagernes"]
[Date "2019.04.21"]
[Round "9.23"]
[White "Lund, Gunnar"]
[Black "Betaneli, Alexander"]
[Result "1-0"]
[ECO "D02"]
[WhiteElo "2271"]
[BlackElo "2235"]
[Annotator "NA"]
[PlyCount "91"]
[EventDate "2019.04.14"]
[EventType "tourn"]
[EventCountry "NOR"]
[SourceTitle "playchess.com"]
[Source "ChessBase"]
[SourceQuality "1"]
[TimeControl "40/5400+30:1800+30"]

1. d4 d5 2. Bf4 Nf6 3. e3 e6 4. Nf3 c5 5. c3 Nc6 6. Nbd2 Be7 $11 7. Ne5 cxd4 8. exd4 Qb6 9. Rb1 g6 10. Be2 Nd7 11. Nxd7 Bxd7 12. O-O O-O 13. Nf3 Rfc8 14. h4 Na5 15. h5 Bb5 16. Re1 Bxe2 17. Qxe2 Qa6 18. Qc2 Nc4 19. a3 Qb6 20. g3 Qd8 21. hxg6 hxg6 22. Rxe6 Rc6 23. Rxc6 bxc6 24. Kg2 Bf6 25. Nd2 Nxd2 26. Qxd2 Qd7 27. Re1 Qf5 28. Qe3 a5 29. Bd6 Kg7 30. Rh1 Bg5 31. Qe5+ Qxe5 32. Bxe5+ Bf6 33. Bd6 Re8 34. Kf3 Re6 35. Bc5 Be7 36. b4 axb4 37. Bxb4 c5 38. dxc5 Rc6 39. c4 dxc4 40. Rc1 Bxc5 41. Rxc4 Rf6+ 42. Rf4 Rxf4+ 43. gxf4 Bb6 44. a4 Kf6 45. a5 Bc7 46. a6 1-0

[Event "Fagernes GM-B 2019"]
[Site "Fagernes"]
[Date "2019.04.21"]
[Round "9.25"]
[White "Levin, Felix"]
[Black "Holm, Kristian Stuvik"]
[Result "1/2-1/2"]
[ECO "D78"]
[WhiteElo "2476"]
[BlackElo "2467"]
[Annotator "ChessBase"]
[PlyCount "23"]
[EventDate "2019.04.14"]
[EventType "tourn"]
[EventCountry "NOR"]
[SourceTitle "playchess.com"]
[Source "ChessBase"]
[SourceQuality "1"]
[TimeControl "40/5400+30:1800+30"]

1. d4 Nf6 2. Nf3 g6 3. g3 Bg7 4. Bg2 d5 5. O-O O-O 6. c4 c6 7. Nbd2 a5 8. b3 a4 9. Ba3 Re8 10. e3 Bf5 11. Qe2 Ne4 12. Rfc1 1/2-1/2